 Dungeon Crawl Stone Soup version 0.18.1-5-g4a78601 (webtiles) character file.

1 SkaryMonk the Skirmisher (level 1, 0/18 HPs)
             Began as a Human Abyssal Knight on May 9, 2016.
             Was an Initiate of Lugonu.
             Slain by a kobold
             ... wielding a +0 club
              (5 damage)
             ... on level 1 of the Dungeon.
             The game lasted 00:00:31 (164 turns).

SkaryMonk the Skirmisher (Human Abyssal Knight)      Turns: 164, Time: 00:00:32

Health: 0/18       AC:  3    Str: 12    XL:     1   Next: 22%
Magic:  2/2        EV: 11    Int: 12    God:    Lugonu [......]
Gold:   0          SH:  0    Dex: 12    Spells: 0 memorised, 0 levels left

rFire  . . .     SeeInvis .     a - +1 hand axe
rCold  . . .     Gourm    .     b - +0 leather armour
rNeg   . . .     Faith    .     (no shield)
rPois  .         Spirit   .     (no helmet)
rElec  .         Dismiss  .     (no cloak)
rCorr  .         Reflect  .     (no gloves)
SustAt .         Harm     .     (no boots)
MR     .....                    (no amulet)
Stlth  +.........               (no ring)
                                (no ring)

@: not resistant to hostile enchantments, very unstealthy
A: no striking features
a: Renounce Religion


You were on level 1 of the Dungeon.
You worshipped Lugonu.
Lugonu was noncommittal.
You were not hungry.

You visited 1 branch of the dungeon, and saw 1 of its levels.
You visited the Abyss 1 time.

Notes
Turn   | Place    | Note
--------------------------------------------------------------
     0 | Abyss:1  | SkaryMonk the Human Abyssal Knight began the quest for the Orb.
     0 | Abyss:1  | Reached XP level 1. HP: 18/18 MP: 2/2
    53 | Abyss:1  | Found a corrupted altar of Lugonu.
    85 | Abyss:1  | Found a corrupted altar of Lugonu.
   148 | Abyss:1  | Noticed a ynoxinul
   149 | D:1      | Escaped the Abyss
   164 | D:1      | Slain by a kobold

Inventory:

Hand Weapons
 a - a +1 hand axe (weapon)
Armour
 b - a +0 leather armour (worn)
Potions
 e - a potion of heal wounds {unknown}
Comestibles
 c - a bread ration
 d - 4 fruits

Table legend:
 A = Turns spent in this place as a percentage of turns spent in the entire game.
 B = Non-inter-level travel turns spent in this place as a percentage of non-inter-level travel turns spent in the entire game.
 C = Inter-level travel turns spent in this place as a percentage of turns spent in this place.
 D = Turns resting spent in this place as a percentage of non-inter-level travel turns spent in this place.
 E = Turns spent auto-exploring this place as a percentage of non-inter-level travel turns spent in this place.
 F = Non-inter-level travel turns spent in this place divided by the number of levels of this place that you've seen.
                   A       B       C       D       E      F
               +-------+-------+-------+-------+-------+----------------------
         Total | 100.0 | 100.0 |   0.0 |   0.0 |  20.0 |  15.0
       Dungeon |  56.7 |  56.7 |   0.0 |   0.0 |   0.0 |  17.0
         Abyss |  43.3 |  43.3 |   0.0 |   0.0 |  46.2 |  13.0
               +-------+-------+-------+-------+-------+----------------------


   Skills:
 - Level 3.0 Fighting
 + Level 2.1 Axes
 - Level 2.0 Armour
 - Level 1.0 Dodging
 - Level 2.0 Invocations


You couldn't memorise any spells.
You didn't know any spells.

Dungeon Overview and Level Annotations

Branches:
Dungeon (1/15)

Altars:


Message History

You see here a stone.
The kobold throws a stone.
The stone hits you but does no damage.
You see here a stone.
A rat comes into view.
The kobold throws a stone.
The stone closely misses you.
You see here a stone.
The kobold throws a stone.
The stone misses you. The hobgoblin hits you with a club.
You see here a stone.
The hobgoblin hits you with a club.
You closely miss the hobgoblin. The hobgoblin hits you with a club.
* * * LOW HITPOINT WARNING * * *
You hit the hobgoblin.
The hobgoblin is almost dead.
The hobgoblin hits you but does no damage.
You hit the hobgoblin.
You kill the hobgoblin!
Lugonu accepts your kill. The kobold hits you with a club.
You die...

## .# ####.######
#.........###
#.#...........#.
#.##............
#....$..........
.#.#...K@..r...#
......≈≈≈(≈≈≈..##
.#...≈≈..(.♣≈≈..#
....≈≈....8..≈≈..
#..≈≈...(.....≈≈.
#..≈....(♣.....≈.
#.≈..8........≈.
#.≈≈....<.8..≈≈.
#..≈≈....♣..≈≈..


You could see a kobold and a rat.

Table legend:
 A = Kills in this place as a percentage of kills in entire the game.
 B = Kills by you in this place as a percentage of kills by you in the entire game.
 C = Kills by friends in this place as a percentage of kills by friends in the entire game.
 D = Other kills in this place as a percentage of other kills in the entire game.
 E = Experience gained in this place as a percentage of experience gained in the entire game.
 F = Experience gained in this place divided by the number of levels of this place that you have seen.
                   A       B       C       D       E      F
               +-------+-------+-------+-------+-------+----------------------
         Total | 100.0 | 100.0 |  -nan |  -nan | 100.0 |   1.0
       Dungeon | 100.0 | 100.0 |  -nan |  -nan | 100.0 |   2.0
               +-------+-------+-------+-------+-------+----------------------

Vanquished Creatures
  A hobgoblin (D:1)
1 creature vanquished.

Action                   || total
-------------------------++-------
Melee: Hand axe          ||     3
Invok: Depart the Abyss  ||     1
Armor: Leather armour    ||     2
Dodge: Dodged            ||     2

Vault maps used:
D:1:      moated_graveyard_arrival, feat_on_display
Abyss:1:  evilmike_abyss_exit_4
